MID
LANSING LUGNUTS @ KANNAPOLIS INTIMIDATORS
07/04/2044
 
TOP OF THE 1ST
Lansing Lugnuts batting - Pitching for Kannapolis Intimidators : RHP Jose Montoya
Pitching: RHP Jose Montoya
Batting: RHB Bryan Westray 0-0: SINGLE (Groundball, 56, EV 96.3 MPH) (infield hit)
Batting: RHB Finn Ross 0-0: Called Strike
0-1: Ball
1-1: DOUBLE (Groundball, 5L, EV 104.4 MPH)
Bryan Westray to third
Batting: LHB David Ramirez 0-0: Called Strike
0-1: Ball
1-1: Foul Ball, location: 2F
1-2: Strikes out looking and he ARGUES THE CALL AND IS TOSSED!
Batting: SHB Jose Garcia 0-0: Ball
1-0: Foul Ball, location: 2F
1-1: Fly out, F8 (Flyball, 8LXD, EV 102.5 MPH)
Runner from 3rd tags up, SCORES, no throw by CF
Finn Ross to third
Batting: LHB Dan Martinez 0-0: Ball
1-0: Swinging Strike
1-1: Swinging Strike
1-2: Foul Ball, location: 2F
1-2: Ball
2-2: Strikes out swinging
Top of the 1st over - 1 run, 2 hits, 0 errors, 1 left on base; Lansing 1 - Kannapolis 0
BOTTOM OF THE 1ST
Kannapolis Intimidators batting - Pitching for Lansing Lugnuts : RHP Omar Torres
Pitching: RHP Omar Torres
Now in RF: Ivan Ramirez
Batting: LHB John Thurman 0-0: Ball
1-0: Foul Ball, location: 2F
1-1: Ball
2-1: Called Strike
2-2: Foul Ball, location: 2F
2-2: Ground out 4-3 (Groundball, 4, EV 92.5 MPH)
Batting: RHB Mike Warzecha 0-0: Ball
1-0: Foul Ball, location: 2F
1-1: Foul Ball, location: 2F
1-2: SINGLE (Groundball, 6MD, EV 95.6 MPH)
Batting: LHB Dustin Taylor 0-0: Called Strike
0-1: 2-RUN HOME RUN (Flyball, 78XD, EV 101.3 MPH), Distance : 402 ft
Batting: LHB Angel Tellez 0-0: Foul Ball, location: 2F
0-1: Ball
1-1: Foul Ball, location: 2F
1-2: Ball
2-2: Ground out 4-3 (Groundball, 4S, EV 68.8 MPH)
Batting: RHB Jose Medina 0-0: Called Strike
0-1: Foul Ball, location: 2F
0-2: Ball
1-2: Strikes out looking
Bottom of the 1st over - 2 runs, 2 hits, 0 errors, 0 left on base; Lansing 1 - Kannapolis 2
TOP OF THE 2ND
Lansing Lugnuts batting - Pitching for Kannapolis Intimidators : RHP Jose Montoya
Batting: RHB Takanibu Kaneshiro 0-0: Ball
1-0: Ground out 3-1 (Groundball, 34, EV 78.8 MPH)
Batting: RHB B.J. Worthy 0-0: Ball
1-0: Called Strike
1-1: Swinging Strike
1-2: Fly out, F8 (Flyball, 8LXD, EV 107.5 MPH)
Batting: RHB Luis Reyes 0-0: Called Strike
0-1: Ball
1-1: Ground out 6-3 (Groundball, 6, EV 84.4 MPH)
Top of the 2nd over - 0 runs, 0 hits, 0 errors, 0 left on base; Lansing 1 - Kannapolis 2
BOTTOM OF THE 2ND
Kannapolis Intimidators batting - Pitching for Lansing Lugnuts : RHP Omar Torres
Batting: LHB Alberto Carrasco 0-0: Called Strike
0-1: Ball
1-1: Ball
2-1: Called Strike
2-2: Foul Ball, location: 2F
2-2: Fly out, F7 (Flyball, 78S, EV 90.0 MPH)
Batting: RHB Micah Brown 0-0: Called Strike
0-1: Fly out, F8 (Flyball, 8LM, EV 90.6 MPH)
Batting: RHB Tyrell Camp 0-0: Ball
1-0: Foul Ball, location: 2F
1-1: Swinging Strike
1-2: Ball
2-2: Foul Ball, location: 2F
2-2: SOLO HOME RUN (Flyball, 8LXD, EV 98.1 MPH), Distance : 405 ft
Batting: RHB Danny Longoria 0-0: Called Strike
0-1: Foul Ball, location: 2F
0-2: Foul Ball, location: 2F
0-2: Ball
1-2: Foul Ball, location: 2F
1-2: Strikes out looking
Bottom of the 2nd over - 1 run, 1 hit, 0 errors, 0 left on base; Lansing 1 - Kannapolis 3
TOP OF THE 3RD
Lansing Lugnuts batting - Pitching for Kannapolis Intimidators : RHP Jose Montoya
Batting: RHB Darren McCarty Jr. 0-0: Ball
1-0: Foul Ball, location: 2F
1-1: Fly out, F8 (Line Drive, 8RM, EV 108.1 MPH)
Batting: RHB Bryan Westray 0-0: Called Strike
0-1: Foul Ball, location: 2F
0-2: Ball
1-2: Fly out, F8 (Flyball, 8LD, EV 101.9 MPH)
Batting: RHB Finn Ross 0-0: Foul Ball, location: 2F
0-1: Ball
1-1: Called Strike
1-2: Foul Ball, location: 2F
1-2: Fly out, F9 (Flyball, 9LM, EV 108.8 MPH)
Top of the 3rd over - 0 runs, 0 hits, 0 errors, 0 left on base; Lansing 1 - Kannapolis 3
BOTTOM OF THE 3RD
Kannapolis Intimidators batting - Pitching for Lansing Lugnuts : RHP Omar Torres
Batting: LHB John Thurman 0-0: Called Strike
0-1: Ball
1-1: Called Strike
1-2: Ground out 1-3 (Groundball, 13S, EV 71.9 MPH)
Batting: RHB Mike Warzecha 0-0: Called Strike
0-1: Foul Ball, location: 2F
0-2: Ball
1-2: Strikes out swinging
Batting: LHB Dustin Taylor 0-0: Foul Ball, location: 2F
0-1: Foul Ball, location: 2F
0-2: Ball
1-2: Ball
2-2: Ground out 6-3 (Groundball, 6, EV 100.0 MPH)
Bottom of the 3rd over - 0 runs, 0 hits, 0 errors, 0 left on base; Lansing 1 - Kannapolis 3
TOP OF THE 4TH
Lansing Lugnuts batting - Pitching for Kannapolis Intimidators : RHP Jose Montoya
Batting: RHB Ivan Ramirez 0-0: Ball
1-0: Ground out 6-3 (Groundball, 6, EV 97.5 MPH)
Batting: SHB Jose Garcia 0-0: Hit by Pitch
Batting: LHB Dan Martinez 0-0: Ball
1-0: Foul Ball, location: 2F
1-1: Called Strike
1-2: Foul Ball, location: 2F
1-2: Ball
2-2: Ball
Jose Garcia is caught stealing 2nd base 2-6
3-2: DOUBLE (Line Drive, 89XD, EV 107.5 MPH)
Batting: RHB Takanibu Kaneshiro 0-0: Called Strike
0-1: Swinging Strike
0-2: DOUBLE (Line Drive, 9LM, EV 105.0 MPH)
Dan Martinez scores
Batting: RHB B.J. Worthy 0-0: Ball
1-0: Ball
2-0: Ball
3-0: Base on Balls
Batting: RHB Luis Reyes 0-0: Swinging Strike
0-1: Ball
1-1: Foul Ball, location: 2F
1-2: Ball
2-2: Ground out 6-3 (Groundball, 6S, EV 87.5 MPH)
Top of the 4th over - 1 run, 2 hits, 0 errors, 2 left on base; Lansing 2 - Kannapolis 3
BOTTOM OF THE 4TH
Kannapolis Intimidators batting - Pitching for Lansing Lugnuts : RHP Omar Torres
Batting: LHB Angel Tellez 0-0: Called Strike
0-1: Ball
1-1: Swinging Strike
1-2: Ball
2-2: Strikes out looking
Batting: RHB Jose Medina 0-0: Called Strike
0-1: Ball
1-1: Ball
2-1: SINGLE (Groundball, 6, EV 97.5 MPH)
Batting: LHB Alberto Carrasco 0-0: Ball
1-0: Called Strike
1-1: Foul Ball, location: 2F
1-2: Ball
2-2: Strikes out swinging
Batting: RHB Micah Brown 0-0: Ball
1-0: Called Strike
1-1: Single, Error in OF, E9, batter to second base (Line Drive, 9LS, EV 100.6 MPH)
Jose Medina to third
Batting: RHB Tyrell Camp 0-0: SINGLE (Groundball, 6MD, EV 103.1 MPH)
Jose Medina scores
Micah Brown to third
Runner from 3rd tries for Home, SAFE, throw by CF to home
Tyrell Camp to second
Pitching: RHP Ari Lueger
Batting: RHB Danny Longoria 0-0: Called Strike
0-1: Fly out, F8 (Flyball, 8RXD, EV 96.9 MPH)
Bottom of the 4th over - 2 runs, 3 hits, 1 error, 1 left on base; Lansing 2 - Kannapolis 5
TOP OF THE 5TH
Lansing Lugnuts batting - Pitching for Kannapolis Intimidators : RHP Jose Montoya
Batting: RHB Darren McCarty Jr. 0-0: Ball
1-0: Called Strike
1-1: Foul Ball, location: 2F
1-2: Ball
2-2: Ball
3-2: Strikes out swinging
Batting: RHB Bryan Westray 0-0: Called Strike
0-1: Ball
1-1: Ball
2-1: Hit by Pitch
Batting: RHB Finn Ross 0-0: Fly out, F8 (Flyball, 8LS, EV 91.3 MPH)
Batting: RHB Ivan Ramirez 0-0: Ball
1-0: Called Strike
1-1: Called Strike
1-2: Ball
Bryan Westray steals 2nd base
2-2: SINGLE (Groundball, 56D, EV 95.6 MPH)
Bryan Westray to third
Runner from 3rd tries for Home, SAFE, throw by LF to home
Batting: SHB Jose Garcia 0-0: Ball
1-0: Ball
2-0: Called Strike
2-1: Ground out 4-3 (Groundball, 4, EV 88.8 MPH)
Top of the 5th over - 1 run, 1 hit, 0 errors, 1 left on base; Lansing 3 - Kannapolis 5
BOTTOM OF THE 5TH
Kannapolis Intimidators batting - Pitching for Lansing Lugnuts : RHP Ari Lueger
Batting: LHB John Thurman 0-0: Ball
1-0: Called Strike
1-1: Ball
2-1: Ground out 1-3 (Groundball, 15S, EV 74.4 MPH)
Batting: RHB Mike Warzecha 0-0: Swinging Strike
0-1: Foul Ball, location: 2F
0-2: Ball
1-2: Ball
2-2: Foul Ball, location: 2F
2-2: Foul Ball, location: 2F
2-2: Strikes out swinging
Batting: LHB Dustin Taylor 0-0: Called Strike
0-1: Ball
1-1: Ball
2-1: Ball
3-1: Fly out, F8 (Flyball, 8RD, EV 101.3 MPH)
Bottom of the 5th over - 0 runs, 0 hits, 0 errors, 0 left on base; Lansing 3 - Kannapolis 5
TOP OF THE 6TH
Lansing Lugnuts batting - Pitching for Kannapolis Intimidators : RHP Jose Montoya
Batting: LHB Dan Martinez 0-0: Called Strike
0-1: SOLO HOME RUN (Line Drive, 9LD, EV 93.8 MPH), Distance : 348 ft
Batting: RHB Takanibu Kaneshiro 0-0: Called Strike
0-1: Ball
1-1: Called Strike
1-2: Foul Ball, location: 2F
1-2: Ball
2-2: Strikes out swinging
Batting: RHB B.J. Worthy 0-0: Swinging Strike
0-1: SOLO HOME RUN (Line Drive, 7D, EV 95.0 MPH), Distance : 351 ft
Pitching: LHP Steve Knezevic
Batting: RHB Luis Reyes 0-0: Called Strike
0-1: Foul Ball, location: 2F
0-2: Foul Ball, location: 2F
0-2: Ball
1-2: Strikes out swinging
Batting: RHB Darren McCarty Jr. 0-0: Swinging Strike
0-1: Foul Ball, location: 2F
0-2: Strikes out looking
Top of the 6th over - 2 runs, 2 hits, 0 errors, 0 left on base; Lansing 5 - Kannapolis 5
BOTTOM OF THE 6TH
Kannapolis Intimidators batting - Pitching for Lansing Lugnuts : RHP Ari Lueger
Batting: LHB Angel Tellez 0-0: Called Strike
0-1: Called Strike
0-2: Ball
1-2: Ground out 6-3 (Groundball, 56, EV 106.9 MPH)
Batting: RHB Jose Medina 0-0: SINGLE (Groundball, 5S, EV 69.4 MPH) (infield hit)
Batting: LHB Alberto Carrasco 0-0: Ball
1-0: Swinging Strike
1-1: Ball
Jose Medina is caught stealing 2nd base 2-6
2-1: Ball
3-1: Foul Ball, location: 2F
3-2: Strikes out swinging
Bottom of the 6th over - 0 runs, 1 hit, 0 errors, 0 left on base; Lansing 5 - Kannapolis 5
TOP OF THE 7TH
Lansing Lugnuts batting - Pitching for Kannapolis Intimidators : LHP Steve Knezevic
Pitching: LHP Ienari Kitahara
Batting: RHB Bryan Westray 0-0: Foul Ball, location: 2F
0-1: Ball
1-1: Foul Ball, location: 2F
1-2: Ball
2-2: Ground out 4-3 (Groundball, 4, EV 90.6 MPH)
Batting: RHB Finn Ross 0-0: Called Strike
0-1: Foul Ball, location: 2F
0-2: Strikes out swinging
Batting: RHB Ivan Ramirez 0-0: Ball
1-0: Called Strike
1-1: Ball
2-1: SINGLE (Flyball, 5D, EV 91.3 MPH)
Batting: SHB Jose Garcia 0-0: Ball
1-0: Ball
2-0: Called Strike
2-1: Swinging Strike
Passed Ball!
Ivan Ramirez to second
2-2: Strikes out swinging
Top of the 7th over - 0 runs, 1 hit, 0 errors, 1 left on base; Lansing 5 - Kannapolis 5
BOTTOM OF THE 7TH
Kannapolis Intimidators batting - Pitching for Lansing Lugnuts : RHP Ari Lueger
Pitching: RHP Jordan Tejeda
Batting: RHB Micah Brown 0-0: Ball
1-0: Ball
2-0: Ball
3-0: Base on Balls
Batting: RHB Tyrell Camp 0-0: Ball
1-0: Foul Ball, location: 2F
1-1: Foul Ball, location: 2F
1-2: Ball
2-2: Ball
3-2: Foul Ball, location: 2F
3-2: Fielders Choice at 2nd, 3-6 (Groundball, 34S, EV 82.5 MPH)
Pinch Hitting: LHB Joe Kirkland 0-0: Called Strike
0-1: Ball
1-1: Called Strike
1-2: Strikes out swinging
Batting: LHB John Thurman 0-0: Ball
1-0: Ground out 4-3 (Groundball, 4, EV 90.6 MPH)
Bottom of the 7th over - 0 runs, 0 hits, 0 errors, 1 left on base; Lansing 5 - Kannapolis 5
TOP OF THE 8TH
Lansing Lugnuts batting - Pitching for Kannapolis Intimidators : LHP Ienari Kitahara
Now at 3B: Tadaaki Kondo
Batting: LHB Dan Martinez 0-0: Ball
1-0: Foul Ball, location: 2F
1-1: Ball
2-1: Swinging Strike
2-2: Strikes out swinging
Batting: RHB Takanibu Kaneshiro 0-0: Called Strike
0-1: Foul Ball, location: 2F
0-2: Ball
1-2: Ball
2-2: DOUBLE (Line Drive, 89M, EV 110.6 MPH)
Batting: RHB B.J. Worthy 0-0: Intentional Walk
Batting: RHB Luis Reyes 0-0: Foul Ball, location: 2F
0-1: Ball
1-1: Called Strike
1-2: Foul Ball, location: 2F
1-2: Ball
2-2: Ball
3-2: Foul Ball, location: 2F
3-2: Strikes out swinging
Batting: RHB Darren McCarty Jr. 0-0: Ball
1-0: Ball
2-0: Called Strike
2-1: Ball
3-1: Foul Ball, location: 2F
3-2: Foul Ball, location: 2F
3-2: Foul Ball, location: 2F
3-2: Base on Balls
Takanibu Kaneshiro to third
B.J. Worthy to second
Batting: RHB Bryan Westray 0-0: Called Strike
0-1: Ball
1-1: Called Strike
1-2: Foul Ball, location: 2F
1-2: Ball
2-2: Ball
3-2: Foul Ball, location: 2F
3-2: Foul Ball, location: 2F
3-2: Fly out, F8 (Line Drive, 8RM, EV 88.1 MPH)
Top of the 8th over - 0 runs, 1 hit, 0 errors, 3 left on base; Lansing 5 - Kannapolis 5
BOTTOM OF THE 8TH
Kannapolis Intimidators batting - Pitching for Lansing Lugnuts : RHP Jordan Tejeda
Pitching: RHP Germano Nunes
Batting: RHB Mike Warzecha 0-0: Foul Ball, location: 2F
0-1: Called Strike
0-2: Strikes out swinging
Batting: LHB Dustin Taylor 0-0: Ball
1-0: Fly out, F8 (Line Drive, 8LD, EV 100.0 MPH)
Batting: LHB Angel Tellez 0-0: Foul Ball, location: 2F
0-1: Ball
1-1: SOLO HOME RUN (Flyball, 9D, EV 99.4 MPH), Distance : 389 ft
Batting: RHB Jose Medina 0-0: Called Strike
0-1: Ground out 5-3 (Groundball, 5L, EV 93.1 MPH)
Bottom of the 8th over - 1 run, 1 hit, 0 errors, 0 left on base; Lansing 5 - Kannapolis 6
TOP OF THE 9TH
Lansing Lugnuts batting - Pitching for Kannapolis Intimidators : LHP Ienari Kitahara
Pitching: RHP Tony Arriaga
Now at SS: Ching-hsia Zhang
Now in LF: Francisco Mayorga
Batting: RHB Finn Ross 0-0: Called Strike
0-1: Called Strike
0-2: Ball
1-2: Foul Ball, location: 2F
1-2: Ground out 1-3 (Groundball, P, EV 70.6 MPH)
Batting: RHB Ivan Ramirez 0-0: Ball
1-0: Swinging Strike
1-1: Ball
2-1: Called Strike
2-2: Strikes out swinging
Batting: SHB Jose Garcia 0-0: Ball
1-0: Ball
2-0: Ball
3-0: Called Strike
3-1: Foul Ball, location: 2F
3-2: Strikes out looking
Top of the 9th over - 0 runs, 0 hits, 0 errors, 0 left on base; Lansing 5 - Kannapolis 6
Thursday, March 31st , 2022 - OOTP Baseball 22.12 Build 89